 Dungeon Crawl Stone Soup version 0.24-a0-48-g0ecae65 (webtiles) character file.

Game seed: 904714646557457053

158342 Wolfram the Severer (level 17, -3/161 (162) HPs)
             Began as a Naga Berserker on Feb 3, 2019.
             Was a High Priest of Trog.
             Slain by Laimibut's ghost (12 damage)
             ... on level 4 of the Snake Pit.
             The game lasted 01:37:58 (37158 turns).

Wolfram the Severer (Naga Berserker)               Turns: 37158, Time: 01:37:59

HP:   -3/161 (162)  AC: 30    Str: 20    XL:     17   Next: 71%
MP:   21/21         EV:  3    Int: 12    God:    Trog [*****.]
Gold: 1727          SH: 23    Dex: 19    Spells: 16/16 levels left

rFire    + . .     SeeInvis +   b - +7 broad axe (flame)
rCold    . . .     Gourm    .   j - +0 large shield {rF+}
rNeg     . . .     Faith    .   V - +1 plate armour {MR+}
rPois    +         Spirit   .   K - +1 helmet
rElec    .         Reflect  +   S - +1 cloak
rCorr    .         Harm     .   N - +2 pair of gloves
MR       +++++                  n - +0 naga barding
Stlth    ..........             y - +3 amulet of reflection
HPRegen  1.36/turn              w - +6 ring of dexterity
MPRegen  0.17/turn              M - +4 ring of slaying

@: berserk cooldown, regenerating, slowed, lightly drained, very slow
A: large, see invisible, deformed body, poison resistance, slowness 2, slow
metabolism 1, spit poison 1, constrict 1, AC +5
a: Spit Poison, Berserk, Trog's Hand, Brothers in Arms, Renounce Religion


You were on level 4 of the Snake Pit.
You worshipped Trog.
Trog was extremely pleased with you.
You were not hungry.

You visited 4 branches of the dungeon, and saw 27 of its levels.
You also visited: Bailey and Volcano.

You collected 2974 gold pieces.
You spent 1247 gold pieces at shops.


Innate Abilities, Weirdness & Mutations

You cannot wear boots.
Your serpentine skin is tough. (AC +5)
You have supernaturally acute eyesight. (SInv)
Armour fits poorly on your strangely shaped body.
Your system is resistant to poisons. (rPois)
You cover ground very slowly.
You have a slow metabolism.
You can spit poison.
You can use your snake-like lower body to constrict enemies.


   Skills:
 + Level 12.4(11.8) Fighting
 - Level 18.0(17.2) Axes
 + Level 10.5(9.8) Armour
 + Level 3.4(2.9) Dodging
 + Level 14.4(13.8) Shields
 + Level 6.3(5.8) Evocations


You had 16 spell levels left.
You didn't know any spells.
Your spell library contained the following spells:

 Spells                   Type           Power        Failure   Level  Hunger
 Animate Skeleton         Necr           N/A          100%        1    ##.....
 Apportation              Tloc           #.....       100%        1    ##.....
 Confusing Touch          Hex            #.....       100%        1    ##.....
 Corona                   Hex            #......      100%        1    ##.....
 Sting                    Conj/Pois      #...         100%        1    ##.....
 Summon Small Mammal      Summ           #...         100%        1    ##.....
 Ensorcelled Hibernation  Hex/Ice        #.....       100%        2    ###....
 Poisonous Vapours        Pois/Air       #.....       100%        2    ###....
 Confuse                  Hex            #.......     100%        3    ####...
 Dazzling Spray           Conj/Hex       #.....       100%        3    ####...
 Mephitic Cloud           Conj/Pois/Air  #.......     100%        3    ####...
 Tukima's Dance           Hex            #.......     100%        3    ####...
 Olgreb's Toxic Radiance  Pois           #.......     100%        4    #####..
 Venom Bolt               Conj/Pois      #.........   100%        5    ######.
 Haunt                    Necr/Summ      #.........   100%        7    #######
 Borgnjor's Revivificati  Necr           #.........   100%        8    #######
 Death's Door             Chrm/Necr      #.........   100%        8    #######
 Infestation              Necr           #.........   100%        8    #######
 Necromutation            Tmut/Necr      #.........   100%        8    #######

Inventory:

Hand Weapons
 a - a +7 hunting sling of velocity
 b - a +7 broad axe of flaming (weapon)
 P - a +1 antimagic broad axe
Missiles
 c - 15 curare-tipped needles
 F - 7 throwing nets (quivered) {!f}
 I - 9 sling bullets
Armour
 j - a +0 large shield of fire resistance (worn)
 n - a +0 naga barding (worn)
 K - a +1 helmet (worn)
 N - a +2 pair of gloves (worn)
 S - a +1 cloak (worn)
 V - a +1 plate armour of magic resistance (worn)
Jewellery
 t - an uncursed ring of positive energy
 v - an uncursed ring of protection from cold
 w - a +6 ring of dexterity (left hand)
 y - a +3 amulet of reflection (around neck)
 M - a +4 ring of slaying (right hand)
 Q - an uncursed ring of resist corrosion
Wands
 f - a wand of flame (44)
 i - a wand of iceblast (36)
 p - a wand of paralysis (21)
 A - a wand of acid (2)
 C - a wand of clouds (2)
 G - a wand of digging (6)
 Y - a wand of disintegration (7)
Scrolls
 e - 4 scrolls of identify
 g - a scroll of silence {!r}
 k - 2 scrolls of magic mapping
 o - 9 scrolls of fog
 q - 5 scrolls of blinking
 s - 15 scrolls of remove curse
 z - 4 scrolls of immolation
 D - 9 scrolls of teleportation
 H - 2 scrolls of enchant weapon
 L - a scroll of vulnerability
 U - 3 scrolls of fear
Potions
 d - a potion of flight
 h - 2 potions of mutation {!q}
 l - 4 potions of agility
 m - a potion of ambrosia
 u - 12 potions of curing
 x - 4 potions of cancellation
 B - 3 potions of invisibility
 J - 5 potions of haste
 O - 2 potions of lignification {!q}
 R - 4 potions of might
 T - 10 potions of heal wounds
 X - 2 potions of resistance
 Z - a potion of berserk rage {!q}
Miscellaneous
 E - a phantom mirror
 W - a fan of gales
Comestibles
 r - 24 rations


Message History

You miss Laimibut's ghost.
Laimibut's ghost is almost destroyed.
The naga sharpshooter casts a spell.
The naga sharpshooter magically shoots a bolt.
You reflect the bolt off an invisible shield around you!
You hit Laimibut's ghost but do no damage.
Laimibut's ghost is almost destroyed.
Laimibut's ghost points at you and mumbles some strange words.
The shard of ice hits you!!!
* * * LOW HITPOINT WARNING * * *
The naga sharpshooter mumbles some strange words.
The naga sharpshooter magically shoots a bolt.
You reflect the bolt off an invisible shield around you!
You are too berserk!
You slash Laimibut's ghost!
Laimibut's ghost is almost destroyed.
You are no longer berserk.
You are exhausted.
You feel yourself slow down. Laimibut's ghost hits you!
You die...

▓▓▓▓···▓
▓▓▓▓▓▓·▓▓▓▓·····▓▓···▓
▓··▓▓ ▓····▓▓·······▓·▓
▓▓▓▓·▓ ▓▓▓▓·▓▓▓···▓··▓··
▓····▓ ▓▓····▓········
▓▓▓▓▓▓····▓▓▓
▓···▓·······▓▓·
···)·)······▓▓▓
▓··············
▓▓▓▓▓▓▓▓▓·····▓▓
▓····)·········
▓··(▓··▓▓▓▓▓▓····)········)
▓▓▓····NW@▓▓··▓··)·▓▓▓·····
▓ ▓≣≣⸬(⸬≣≣▓▓·▓······▓····(·
▓ ≣≣$$[·$≣≣·····≣≣·····≣≣··
▒▒▒▒▒▒▒▒
≣∩·$₪$··≣·····≣≣≣◼◼◼≣≣≣··
▒▒·····▒▒ ≣⁑·$⁑$$⁑≣▓▓··≣≣
≣≣· ▒·······▒
≣∩$$$$$·≣···≣≣ ≣≣
▒···▒··)▒▓≣≣·⁑∩⁑·≣≣··)≣ ≣
▒··▒▒▒··▒▓·≣≣≣≣≣≣≣····≣ ≣
▒⸬⸬▒▒(··▒▓·▓ ▓······≣ ≣


You could see a naga sharpshooter, an obsidian statue and Laimibut's ghost.

Vanquished Creatures
  Kirke (D:14)
  Frances (Snake:2)
  6 nagarajas
  2 very ugly things (D:14)
  A stone giant (Orc:2)
  A dire elephant (D:15)
  Harold (Orc:1)
  6 hydras
  Erolcha (D:10)
  4 vault guards (D:14)
  8 naga warriors
  11 two-headed ogres
  2 centaur warriors
  An ogre mage (D:15)
  11 anacondas
  2 death knights
  3 death yaks (Lair:6)
  5 shock serpents
  2 tengu warriors (D:15)
  5 naga sharpshooters
  Urug (Orc:2)
  3 orc high priests (Orc:2)
  A hell knight (Volcano)
  2 salamander mystics (Snake:3)
  2 unseen horrors
  2 glowing orange brains (D:14)
  5 naga ritualists
  6 orc knights
  14 ugly things
  3 orc sorcerers (Orc:2)
  A wolf spider (D:15)
  A deep elf mage (D:15)
  5 mana vipers
  12 salamanders
  3 manticores
  9 elephants
  3 cyclopes (D:15)
  A salamander (shapeshifter) (D:15)
  3 guardian serpents
  2 merfolk sirens (Lair:2)
  45 black mambas
  4 gargoyles
  3 centaur zombies
  A torpor snail (Lair:6)
  6 spiny frogs
  Psyche (D:10)
  12 naga magi
  6 komodo dragons
  4 rime drakes
  6 yaktaurs
  3 meliai (D:13)
  9 hornets
  8 trolls
  3 polar bears (Lair:6)
  2 slime creatures
  10 hippogriffs
  17 blink frogs
  4 dream sheep (Lair:6)
  A spriggan (shapeshifter) (D:15)
  13 spriggans
  2 shadows
  12 yaks
  2 wraiths (D:15)
  2 wyverns
  6 hogs
  6 basilisks
  A human (D:8)
  A steam dragon (D:7)
  4 hungry ghosts
  3 vampire mosquitoes (D:13)
  3 wargs
  30 nagas
  An acid dragon (D:14)
  7 water moccasins
  2 porcupines
  A hornet zombie (D:14)
  35 orc warriors
  5 sky beasts
  5 black bears
  An ice beast (D:9)
  2 phantoms
  2 eyes of draining
  2 necrophages (D:8)
  17 wolves
  4 boggarts (Lair:6)
  17 ogres
  8 centaurs
  7 crocodiles
  12 bullfrogs
  A gnoll sergeant (Orc:2)
  A wyvern zombie (D:14)
  A wyvern skeleton (D:9)
  6 scorpions
  4 wights (D:6)
  11 killer bees
  3 howler monkeys
  4 electric eels
  7 crimson imps
  6 jellies
  2 quasits
  3 centaur skeletons
  A gnoll shaman (D:2)
  A bullfrog zombie (D:9)
  18 orc priests
  3 hounds
  28 orc wizards
  3 bullfrog skeletons
  16 worker ants
  2 iguanas
  Ijyb (D:5)
  Terence (D:2)
  Natasha (thrice) (D:3)
  A hound zombie (D:5)
  A hound skeleton (D:7)
  A worker ant zombie (D:9)
  Robin (D:2)
  11 adders
  20 gnolls
  2 oozes
  2 adder skeletons
  3 worms
  2 dart slugs
  8 leopard geckos
  110 orcs
  A ball python (D:3)
  4 giant cockroaches
  22 goblins
  9 hobgoblins
  10 jackals
  15 kobolds
  8 quokkas
  5 bats
  A frilled lizard (D:2)
  8 rats
  A fungus (Lair:4)
  3 plants (Lair:3)
886 creatures vanquished.

Vanquished Creatures (collateral kills)
  A nagaraja (Snake:3)
  An orc warlord (D:9)
  2 hydras (Lair:3)
  2 death yaks (Lair:6)
  A naga sharpshooter (Snake:3)
  An orc sorcerer (Orc:2)
  2 manticores (D:11)
  3 salamanders (Snake:3)
  A naga mage (Snake:3)
  An elephant (Lair:3)
  A steam dragon (Lair:3)
  A naga (Snake:3)
  2 wolves (Lair:5)
  2 crocodiles (Lair:3)
  5 bullfrogs
  3 killer bees (D:11)
  A crimson imp (D:11)
  A jelly (D:11)
  3 gnolls (D:11)
34 creatures vanquished.

Vanquished Creatures (others)
  A naga sharpshooter (Snake:3)
  An unseen horror (D:11)
  A cyclops (D:13)
  A human (D:14)
  A centaur (D:15)
  A killer bee (D:11)
  An orc (Orc:2)
  A kobold (Bailey)
  2 plants (Lair:3)
10 creatures vanquished.

Grand Total: 930 creatures vanquished

Notes
Turn   | Place    | Note
-------+----------+-------------------------------------------
     0 | D:1      | Wolfram the Naga Berserker began the quest for the Orb.
     0 | D:1      | Reached XP level 1. HP: 21/21 MP: 1/1
   119 | D:1      | HP: 6/31 [kobold (2)]
   458 | D:1      | Reached XP level 2. HP: 20/28 MP: 2/2
  1292 | D:1      | Reached skill level 4 in Axes
  1323 | D:1      | Reached XP level 3. HP: 34/34 MP: 3/3
  1478 | D:2      | Noticed Terence
  1493 | D:2      | Killed Terence
  1493 | D:2      | Reached XP level 4. HP: 30/42 MP: 4/4
  1495 | D:2      | Reached ** piety under Trog
  1705 | D:2      | Reached skill level 5 in Axes
  1987 | D:2      | Reached XP level 5. HP: 49/49 MP: 5/5
  2224 | D:2      | Found a shadowy altar of Dithmenos.
  2224 | D:2      | Found an opulent altar of Gozag.
  2308 | D:2      | Found a stormy altar of Qazlal.
  2310 | D:2      | Found a faded altar of an unknown god.
  2311 | D:2      | Found a faded altar of an unknown god.
  2461 | D:2      | Noticed Robin
  2469 | D:2      | Reached skill level 6 in Axes
  2473 | D:2      | Killed Robin
  2996 | D:3      | Reached XP level 6. HP: 55/56 MP: 6/6
  3000 | D:3      | Reached *** piety under Trog
  3185 | D:3      | Noticed Natasha
  3192 | D:3      | Killed Natasha
  3192 | D:3      | Reached skill level 7 in Axes
  3287 | D:3      | Noticed Natasha
  3300 | D:3      | Killed Natasha
  3625 | D:3      | Noticed Natasha
  3631 | D:3      | Killed Natasha
  4204 | D:4      | Reached XP level 7. HP: 52/62 MP: 7/7
  4263 | D:4      | Reached skill level 8 in Axes
  4451 | D:4      | Reached **** piety under Trog
  5342 | D:5      | Entered Level 5 of the Dungeon
  5465 | D:5      | Reached XP level 8. HP: 75/75 MP: 8/8
  5645 | D:5      | Reached skill level 6 in Fighting
  5773 | D:5      | Reached skill level 1 in Shields
  5853 | D:5      | Found a staircase to the Ecumenical Temple.
  6163 | D:5      | Noticed Ijyb
  6171 | D:5      | Killed Ijyb
  6788 | D:5      | Reached XP level 9. HP: 58/85 MP: 9/9
  7082 | D:6      | Reached skill level 9 in Axes
  7204 | D:6      | Found a transporter.
  7204 | D:6      | Found a transporter.
  7204 | D:6      | Noticed an eight-headed hydra
  7215 | D:6      | Noticed a rakshasa
  7227 | D:6      | Found a basalt altar of Yredelemnul.
  7401 | D:6      | Found a blossoming altar of Fedhas.
  7448 | D:6      | Reached skill level 3 in Armour
  8361 | D:7      | Found an iron altar of Okawaru.
  8437 | D:7      | Reached ***** piety under Trog
  8561 | D:7      | Reached skill level 10 in Axes
  8967 | D:7      | Identified the cursed +1 ring mail of Okawaru's Benevolence
                  | {rElec rF+ rC- Stlth+}
  9551 | D:8      | HP: 14/132 [ogre/+0 giant club (16)]
  9552 | D:8      | Reached XP level 10. HP: 15/96 MP: 10/10
  9565 | D:8      | HP: 13/96 [necrophage (1)]
 10132 | D:8      | Reached skill level 11 in Axes
 10449 | D:8      | Noticed a two-headed ogre
 10457 | D:8      | Killed a two-headed ogre
 11687 | D:9      | Found a sparkling altar of Nemelex Xobeh.
 11741 | D:9      | Reached skill level 9 in Fighting
 11748 | D:9      | Found a staircase to the Orcish Mines.
 11847 | D:9      | Noticed a two-headed ogre
 11856 | D:9      | Killed a two-headed ogre
 11856 | D:9      | Reached skill level 12 in Axes
 11856 | D:9      | Reached XP level 11. HP: 105/105 MP: 11/11
 12562 | D:9      | Found a snail-covered altar of Cheibriados.
 12677 | D:10     | Entered Level 10 of the Dungeon
 12680 | D:10     | Noticed Psyche
 12690 | D:10     | Killed Psyche
 12690 | D:10     | Reached skill level 6 in Armour
 13063 | D:10     | Noticed Erolcha
 13076 | D:10     | Killed Erolcha
 13450 | D:10     | Received a gift from Trog
 13514 | D:10     | You fall through a shaft!
 13515 | D:11     | Noticed a manticore
 13515 | D:11     | Noticed an unseen horror
 13515 | D:11     | Noticed a manticore
 13532 | D:11     | Killed an unseen horror
 13533 | D:11     | Killed a manticore
 13536 | D:11     | Killed a manticore
 13832 | D:11     | Reached skill level 13 in Axes
 14021 | D:11     | Found a flagged portal.
 14039 | Bailey   | Entered a bailey
 14293 | Bailey   | Found a bloodstained altar of Trog.
 14436 | D:11     | Noticed a white ugly thing
 14453 | D:11     | Killed a white ugly thing
 14651 | D:11     | Found a staircase to the Lair.
 14668 | D:11     | Paralysed by a hornet for 1 turns
 15431 | D:10     | Found Qonaow's Book Shoppe.
 15573 | D:10     | Reached XP level 12. HP: 115/115 MP: 12/12
 16064 | Lair:1   | Entered Level 1 of the Lair of Beasts
 16114 | Lair:1   | Noticed a four-headed hydra
 16127 | Lair:1   | Killed a four-headed hydra
 17012 | Lair:2   | Found a dark tunnel.
 17066 | Volcano  | Entered a volcano
 17196 | Volcano  | Noticed a centaur warrior
 17204 | Volcano  | Killed a centaur warrior
 17204 | Volcano  | Reached skill level 14 in Axes
 17256 | Volcano  | Noticed a hell knight
 17264 | Volcano  | Killed a hell knight
 17926 | Lair:2   | Received a gift from Trog
 17961 | Lair:2   | Found a staircase to the Shoals.
 18520 | Lair:3   | Noticed an eight-headed hydra
 18526 | Lair:3   | Killed an eight-headed hydra
 18745 | Lair:3   | Noticed a six-headed hydra
 18752 | Lair:3   | Killed a seven-headed hydra
 18764 | Lair:3   | Reached skill level 15 in Axes
 18764 | Lair:3   | Gained mutation: You can use your snake-like lower body to
                  | constrict enemies. [Naga growth]
 18764 | Lair:3   | Reached XP level 13. HP: 94/126 MP: 13/13
 20045 | Lair:4   | Found a staircase to the Snake Pit.
 21513 | Lair:6   | Entered Level 6 of the Lair of Beasts
 21850 | Lair:6   | Reached skill level 9 in Armour
 21887 | Lair:6   | Reached skill level 12 in Fighting
 21887 | Lair:6   | Reached skill level 1 in Evocations
 21992 | Lair:6   | Reached skill level 16 in Axes
 22443 | Lair:6   | Found a runed translucent door.
 22443 | Lair:6   | Found a viscous altar of Jiyva.
 22444 | Lair:6   | Found a staircase to the Slime Pits.
 22474 | Lair:6   | Got a crude naga barding
 22480 | Lair:6   | Identified the +0 naga barding of Limited Liability {rC-
                  | Int+2 Dex+2} (You acquired it on level 6 of the Lair of
                  | Beasts)
 22628 | Lair:6   | Reached skill level 3 in Evocations
 22696 | Lair:6   | Reached XP level 14. HP: 116/137 MP: 16/16
 22952 | Lair:6   | Received a gift from Trog
 23157 | Lair:6   | Paralysed by a hornet for 2 turns
 23972 | Orc:1    | Entered Level 1 of the Orcish Mines
 23972 | Orc:1    | Noticed an orc warlord
 23981 | D:9      | Killed an orc warlord
 24398 | Orc:1    | Reached skill level 17 in Axes
 24731 | Orc:1    | Noticed Harold
 24743 | Orc:1    | Killed Harold
 24960 | Orc:1    | Received a gift from Trog
 25220 | Orc:2    | Entered Level 2 of the Orcish Mines
 25553 | Orc:2    | Noticed Urug
 25566 | Orc:2    | Killed Urug
 25566 | Orc:2    | Reached skill level 3 in Shields
 25583 | Orc:2    | Reached ****** piety under Trog
 25590 | Orc:2    | Received a gift from Trog
 25862 | Orc:2    | Found a bloodstained altar of Trog.
 26010 | Orc:2    | Found a staircase to the Elven Halls.
 26030 | Orc:2    | Found Humixton's Assorted Antiques.
 26052 | Orc:2    | Bought a scroll of identify for 44 gold pieces
 26052 | Orc:2    | Bought a scroll of enchant weapon for 165 gold pieces
 26063 | Orc:2    | Noticed a stone giant
 26072 | Orc:2    | Killed a stone giant
 26337 | Orc:2    | Found Erihagy's Jewellery Shoppe.
 26343 | Orc:2    | Received a gift from Trog
 27052 | Orc:2    | Found Amooquc's Book Shoppe.
 27054 | Orc:2    | Found Fugikkou's General Store.
 27054 | Orc:2    | Found Pyere's Book Shop.
 27092 | Orc:2    | Bought an uncursed ring of see invisible for 165 gold
                  | pieces
 27092 | Orc:2    | Bought an uncursed ring of protection from cold for 275
                  | gold pieces
 27097 | Orc:2    | Bought a scroll of teleportation for 39 gold pieces
 27097 | Orc:2    | Bought a potion of might for 52 gold pieces
 27097 | Orc:2    | Bought a potion of curing for 39 gold pieces
 27097 | Orc:2    | Bought a scroll of magic mapping for 45 gold pieces
 27152 | Orc:2    | Bought a potion of cancellation for 104 gold pieces
 27186 | Orc:2    | Bought an embroidered hat for 154 gold pieces
 27186 | Orc:2    | Bought a pair of glowing gloves for 165 gold pieces
 27714 | D:12     | You fall through a shaft!
 27723 | D:13     | Found a gate leading to a gauntlet.
 28270 | D:13     | Reached XP level 15. HP: 143/143 MP: 18/18
 28932 | D:13     | Reached skill level 18 in Axes
 29204 | D:14     | Found an ancient bone altar of Kikubaaqudgha.
 29307 | D:14     | Reached skill level 6 in Shields
 29334 | D:14     | Noticed Kirke
 29347 | D:14     | Killed Kirke
 29483 | D:14     | Found a gate to the Vaults.
 29491 | D:14     | Received a gift from Trog
 29750 | D:14     | You fall through a shaft!
 29750 | D:15     | Entered Level 15 of the Dungeon
 29996 | D:14     | Found a runed translucent gate.
 29996 | D:14     | Found a runed translucent gate.
 29996 | D:14     | Found a runed translucent gate.
 30505 | D:14     | Reached skill level 9 in Shields
 30735 | D:14     | Found a runed translucent gate.
 30735 | D:14     | Found a runed translucent gate.
 30741 | D:14     | Found a runed translucent gate.
 30741 | D:14     | Noticed Tahucot's ghost (journeyman HaEn)
 31200 | D:15     | Reached XP level 16. HP: 119/151 MP: 19/19
 31677 | D:15     | Found a staircase to the Depths.
 32051 | Snake:1  | Entered Level 1 of the Snake Pit
 32639 | Snake:1  | Reached skill level 12 in Shields
 32676 | Snake:1  | Received a gift from Trog
 32969 | Snake:1  | Found a runed translucent door.
 32981 | Snake:1  | Noticed Borgoz's ghost (journeyman KoAK)
 33939 | Snake:2  | Noticed Frances
 33950 | Snake:2  | Killed Frances
 34470 | Snake:3  | Noticed a nagaraja
 34481 | Snake:3  | Killed a nagaraja
 34766 | Snake:3  | Noticed a nagaraja
 34780 | Snake:3  | Killed a nagaraja
 34780 | Snake:3  | Reached XP level 17. HP: 142/158 MP: 20/20
 34790 | Snake:3  | Identified the +4 ring mail "Cesufito" {Str+3}
 35104 | Snake:3  | Received a gift from Trog
 35706 | Snake:4  | Entered Level 4 of the Snake Pit
 35877 | Snake:4  | Found a runed translucent gate.
 35877 | Snake:4  | Found a runed translucent gate.
 35877 | Snake:4  | Found an opulent altar of Gozag.
 35886 | Snake:4  | Found a runed translucent gate.
 35888 | Snake:4  | Noticed Laimibut's ghost (adept MfIE)
 36269 | Snake:4  | Found Adoupp's Gadget Boutique.
 36273 | Snake:4  | Reached skill level 3 in Dodging
 36273 | Snake:4  | Reached skill level 6 in Evocations
 36319 | Snake:4  | Received a gift from Trog
 37101 | Snake:4  | Found Juhilurr's Assorted Antiques.
 37157 | Snake:4  | HP: 13/241 [Laimibut's ghost/shard of ice (43)]
 37158 | Snake:4  | Slain by Laimibut's ghost

Vault maps used:
D:1:      sevenhm_arrival_forest_fort_small_5
D:2:      chequers_temple_overflow_minitemple, minmay_misc_feat_tiny,
          uniq_terence, uniq_robin
D:3:      chequers_arboretum, mrwooster_statue_mirror, uniq_natasha
D:5:      minmay_temple_entry_slanted, first_ration, kennysheep_generic_room_5,
          uniq_ijyb
D:6:      fedhas_altar_1, gammafunk_temple_overflow_arena
D:7:      kennysheep_okawaru_gauntlet
D:8:      grunt_livestock
D:9:      cheibriados_altar_1, kennysheep_mini_moat, minmay_orc_entry_guard_dogs
D:10:     serial_shops, nicolae_shop_waterfront, uniq_psyche, uniq_erolcha
D:11:     lair_entry_dummy, enter_bailey_3, st_stairs_1, lightli_orcish_oven
D:13:     gauntlet_entry_generic
D:14:     lightli_vaults_fourway_checkpoint, basic_altar,
          ploomutoo_gammafunk_ghost_potion_laboratory, uniq_kirke
D:15:     hangedman_depths_entry_try_elsewhere_first, chequers_mini_garden
Lair:1:   dpeg_stationary_puzzle
Lair:2:   elwin_shoals_entry_rooms, enter_volcano_2, portal_ice_cave_rime
Lair:3:   minmay_holes, nicolae_quartered_pool_medium, wad_woods_03,
          grunt_megastairs_4
Lair:4:   guppyfry_snake_entry_island, grunt_forest_small_clearings
Lair:6:   minmay_lair_end_enchanted_forest, slime_altar_2,
          infiniplex_staircase_pool_2, grunt_megastairs_1
Snake:1:  ebering_ghost_reflecting_pool
Snake:2:  uniq_frances
Snake:4:  grunt_snake_rune_pools, serial_shops, nicolae_shop_waterfront,
          ebering_ghost_gozag, st_stairs_3, nicolae_snake_single_loop
Orc:1:    minmay_orc_barracks, uniq_harold
Orc:2:    st_orc_elflike, basic_altar, serial_shops, shop, mines_bat_river,
          uniq_urug
Bailey:   bailey_axe_3, bailey
Volcano:  volcano_pools

Action                   |  1- 3 |  4- 6 |  7- 9 | 10-12 | 13-15 | 16-18 || total
-------------------------+-------+-------+-------+-------+-------+-------++-------
Melee: Hand axe          |    90 |   224 |   307 |       |       |       ||   621
       Broad axe         |       |       |    77 |   421 |   699 |   467 ||  1664
       Constrict         |       |       |       |       |   151 |   108 ||   259
 Fire: Hunting sling     |       |     3 |    77 |   172 |   105 |    82 ||   439
Invok: Berserk           |     3 |    10 |    14 |     9 |     6 |     2 ||    44
       Trog's Hand       |       |       |     2 |     2 |     3 |     2 ||     9
       Brothers in Arms  |       |       |       |     4 |     4 |     1 ||     9
 Abil: Spit Poison       |     2 |     3 |    26 |    13 |     2 |       ||    46
Evoke: Wand              |       |       |     1 |    17 |     9 |     4 ||    31
  Use: Scroll            |       |     1 |    12 |    19 |    17 |     2 ||    51
       Potion            |       |       |       |     2 |     1 |     2 ||     5
 Stab: Distracted        |       |       |       |     1 |     1 |       ||     2
       Sleeping          |       |       |       |       |     1 |       ||     1
       Petrified         |       |       |       |       |     4 |       ||     4
       Petrifying        |       |       |       |       |     1 |       ||     1
  Eat: Chunk             |     1 |    16 |    20 |    27 |    19 |     4 ||    87
       Ration            |     1 |       |     2 |     4 |     7 |     4 ||    18
Armor: Animal skin       |     2 |       |       |       |       |       ||     2
       Ring mail         |    21 |    68 |    93 |       |       |       ||   182
       Steam dragon scal |       |       |    10 |   105 |   143 |       ||   258
       Leather armour    |       |       |       |       |    70 |       ||    70
       Plate armour      |       |       |       |       |    39 |   191 ||   230
Dodge: Dodged            |    48 |   100 |   120 |   141 |   134 |    15 ||   558
Block: Buckler           |       |       |   118 |   166 |   112 |       ||   396
       Other             |       |       |     2 |       |       |       ||     2
       Reflection        |       |       |     3 |    13 |    13 |    74 ||   103
       Large shield      |       |       |       |       |   264 |   474 ||   738
